 Dungeon Crawl Stone Soup version 0.19-a0-139-gefc6d61 (webtiles) character file.

95 Lugonue the Shield-Bearer (level 4, -7/39 HPs)
             Began as a Minotaur Fighter on May 17, 2016.
             Was an Initiate of Okawaru.
             Mangled by Crazy Yiuf
             ... wielding a +2 quarterstaff of chaos
              (13 damage)
             ... on level 2 of the Dungeon.
             The game lasted 00:05:07 (1563 turns).

Lugonue the Shield-Bearer (Minotaur Fighter)        Turns: 1563, Time: 00:05:08

Health: -7/39      AC:  2    Str: 21    XL:     4   Next: 40%
Magic:  3/3        EV:  9    Int:  5    God:    Okawaru [......]
Gold:   82         SH: 10    Dex: 10    Spells: 0 memorised, 3 levels left

rFire  + . .     SeeInvis .     a - +0 long sword
rCold  + . .     Gourm    .     j - +0 robe
rNeg   . . .     Faith    .     c - +0 shield
rPois  +         Spirit   .     (helmet restricted)
rElec  +         Dismiss  .     (no cloak)
rCorr  +         Reflect  .     (no gloves)
SustAt .         Harm     .     (no boots)
MR     .....                    (no amulet)
Stlth  +.........               (no ring)
                                (no ring)

@: resistant, slowed, very slow, not resistant to hostile enchantments, very
unstealthy
A: retaliatory headbutt, horns 2
a: Renounce Religion


You were on level 2 of the Dungeon.
You worshipped Okawaru.
Okawaru was noncommittal.
You were not hungry.

You visited 1 branch of the dungeon, and saw 2 of its levels.

You collected 82 gold pieces.

Inventory:

Hand Weapons
 a - a +0 long sword (weapon)
Armour
 c - a +0 shield (worn)
 j - a +0 robe (worn)
Wands
 b - a wand of iceblast (8/15)
Scrolls
 e - a scroll of recharging
 i - a scroll of remove curse
 k - 2 scrolls of magic mapping
 l - a scroll of enchant armour {unknown}
Potions
 h - a potion of resistance
 m - a potion of invisibility
Comestibles
 f - a bread ration
 n - 3 chunks of flesh


   Skills:
 - Level 3.6 Fighting
 + Level 3.8 Long Blades
 - Level 3.6 Armour
 + Level 5.5 Shields


You had 3 spell levels left.
You didn't know any spells.

Dungeon Overview and Level Annotations

Branches:
Dungeon (2/15)

Altars:
Okawaru
Qazlal

Annotations:
D:2 Crazy Yiuf


Innate Abilities, Weirdness & Mutations

You reflexively headbutt those who attack you in melee.
You have a pair of horns on your head.


Message History

Crazy Yiuf is lightly wounded.
Crazy Yiuf hits you with a quarterstaff of chaos!
You hit Crazy Yiuf.
Crazy Yiuf is lightly wounded.
Crazy Yiuf closely misses you.
You hit Crazy Yiuf. You headbutt Crazy Yiuf.
Crazy Yiuf is heavily wounded.
You block Crazy Yiuf's attack.
Crazy Yiuf hits you with a quarterstaff of chaos!
You feel yourself slow down.
You barely miss Crazy Yiuf.
Crazy Yiuf is heavily wounded.
Crazy Yiuf hits you with a quarterstaff of chaos!
* * * LOW HITPOINT WARNING * * *
Crazy Yiuf burns you.
* * * LOW HITPOINT WARNING * * *
Drink which item? (? for menu, Esc to quit)
Okay, then.
Crazy Yiuf hits you with a quarterstaff of chaos!
You die...

#########'##
######.........'.
#########.#
#.........##
.....)...##
####.......>
########.#
#........ ##.#
#........ #..##♣♣
### #........
#..#..♣♣ ♣♣#..)#
#........
#......♣♣♣♣g'...#
#........
##....♣.♣.@♣#...#
###.##..<
###...♣.♣♣♣ ###
#.....# ##♣♣♣♣♣
####.## #§...§
###..... #...._..
#.#..... #.#§...§
#.###.##


You could see Crazy Yiuf.

Vanquished Creatures
  4 gnolls (D:2)
  2 adders (D:2)
  A worm (D:2)
  A giant gecko (D:1)
  2 giant cockroaches (D:2)
  3 goblins
  5 hobgoblins
  2 jackals (D:2)
  5 kobolds
  2 ball pythons
  6 bats
  4 rats
37 creatures vanquished.

Notes
Turn   | Place    | Note
--------------------------------------------------------------
     0 | D:1      | Lugonue the Minotaur Fighter began the quest for the Orb.
     0 | D:1      | Reached XP level 1. HP: 19/19 MP: 0/0
    48 | D:1      | Found an iron altar of Okawaru.
    61 | D:1      | Became a worshipper of Warmaster Okawaru
   146 | D:1      | Reached skill level 4 in Shields
   159 | D:1      | Reached XP level 2. HP: 17/26 MP: 1/1
   849 | D:2      | Reached XP level 3. HP: 26/31 MP: 2/2
   945 | D:2      | Reached skill level 5 in Shields
   975 | D:2      | Reached XP level 4. HP: 8/39 MP: 3/3
  1189 | D:2      | Found a stormy altar of Qazlal.
  1553 | D:2      | Noticed Crazy Yiuf
  1563 | D:2      | Mangled by Crazy Yiuf

Vault maps used:
D:1:      dpeg_arrival_chambers_temple_mockup, okawaru_ov_weapons_minmay
D:2:      grunt_qazlal_clouds, uniq_crazy_yiuf_cottage

Skill      XL: |  1  2  3 |
---------------+----------+-----
Shields        | 4 5 |  5.5
Long Blades    | 3 |  3.8
Fighting       | |  3.6
Armour         | |  3.6

Action                   |  1- 3 |  4- 6 || total
-------------------------+-------+-------++-------
Melee: Long sword        |    63 |    40 ||   103
       Headbutt          |    10 |     6 ||    16
  Use: Potion            |     1 |     1 ||     2
       Scroll            |       |     7 ||     7
  Eat: Chunk             |       |     2 ||     2
Armor: Robe              |     5 |     5 ||    10
Dodge: Dodged            |    19 |     9 ||    28
Block: Shield            |    34 |    24 ||    58
